 Dungeon Crawl Stone Soup version 0.29-a0-791-ga0f254aafb (webtiles) character file.

Game seed: 14574321056346190198

46 Malachi the Sneak (level 3, -1/27 HPs)
             Began as an Octopode Brigand on July 3, 2022.
             Slain by a goblin
             ... wielding a +0 dagger
              (6 damage)
             ... on level 2 of the Dungeon.
             The game lasted 00:01:17 (1369 turns).

Malachi the Sneak (Octopode Brigand)                Turns: 1369, Time: 00:01:18

Health: -1/27      AC:  1    Str: 10    XL:     3   Next: 66%
Magic:  3/3        EV: 12    Int: 13    God:
Gold:   24         SH:  0    Dex: 15    Spells: 2/2 levels left

rFire   . . .      SeeInvis .   a - +2 dagger
rCold   . . .      Faith    .   (no shield)
rNeg    . . .      Spirit   .   (helmet restricted)
rPois   .          Reflect  .   (no amulet)
rElec   .          Harm     .   m - ring of flight
rCorr   .          Rampage  .   (no ring)
Will    .....                   (no ring)
Stlth   ++++......              (no ring)
HPRegen 0.09/turn               (no ring)
MPRegen 0.08/turn               (no ring)
                                (no ring)
                                (no ring)

@: mighty, flying
A: almost no armour, amphibious, 8 rings, camouflage 1, gelatinous body 1,
(nimble swimmer 1), tentacles
a: no special abilities


You were on level 2 of the Dungeon.
You visited 1 branch of the dungeon, and saw 2 of its levels.

You collected 24 gold pieces.

Inventory:

Hand Weapons
 a - a +2 dagger (weapon)
Missiles
 b - 26 poisoned darts (quivered)
 c - 3 curare-tipped darts
Jewellery
 m - a ring of flight (left tentacle)
Scrolls
 j - 4 scrolls of identify {unknown}
 l - a scroll of enchant armour {unknown}
 n - a scroll of amnesia {unknown}
Potions
 e - a potion of might
 f - a potion of attraction {unknown}
 g - a potion of degeneration {unknown}
 h - a potion of lignification {unknown}
 i - a potion of mutation {unknown}
 k - a potion of resistance {unknown}


   Skills:
 * Level 3.9 Fighting
 - Level 2.0 Short Blades
 - Level 2.0 Throwing
 - Level 1.0 Dodging
 - Level 5.3 Stealth


You had 2 spell levels left.
You didn't know any spells.
Your spell library contained the following spells:

 Spells                   Type           Power      Damage    Failure   Level
 Beastly Appendage        Tmut           0%         N/A       30%         1
 Blink                    Tloc           0%         N/A       43%         2
 Ensorcelled Hibernation  Hex/Ice        0%         N/A       43%         2
 Wereblood                Tmut           0%         N/A       43%         2
 Lesser Beckoning         Tloc           0%         N/A       67%         3
 Spider Form              Tmut/Pois      0%         N/A       67%         3
 Anguish                  Hex/Necr       0%         N/A       97%         4
 Manifold Assault         Tloc           0%         N/A       100%        5


Dungeon Overview and Level Annotations

Branches:
Dungeon (2/15)

Altars:

Shops:
D:2 [

Annotations:
D:2 Robin


Innate Abilities, Weirdness & Mutations

You cannot wear most types of armour.
You are amphibious.
You can wear up to eight rings at the same time.
Your skin changes colour to match your surroundings (Stealth+).
Your rubbery body absorbs attacks. (AC +1, EV +1)
((You are camouflaged when in or above water. (Stealth+)))
You have tentacles for arms and can constrict up to eight enemies at once.


Message History

The goblin hits you with a +0 dagger.
Things that are here:
a +0 dagger; a goblin corpse You are too injured to fight recklessly!
You are too injured to fight recklessly!
You are too injured to fight recklessly!
You are too injured to fight recklessly!
You are too injured to fight recklessly!
You are too injured to fight recklessly!
You are too injured to fight recklessly!
You are too injured to fight recklessly!
You are too injured to fight recklessly!
You are too injured to fight recklessly!
You are too injured to fight recklessly!
You are too injured to fight recklessly!
You are too injured to fight recklessly!
You are too injured to fight recklessly!
You are too injured to fight recklessly!
You are too injured to fight recklessly!
You are too injured to fight recklessly!
You hit the goblin. Your grab misses the goblin.
The goblin is severely wounded.
The goblin hits you but does no damage.
You completely miss the goblin. You grab the goblin.
The goblin is severely wounded.
You constrict the goblin.
You kill the goblin!
Robin throws the goblin at you! The goblin closely misses you.
It was a potion of might.
You feel very mighty all of a sudden. The goblin hits you with a +0 dagger.
* * * LOW HITPOINT WARNING * * *
The goblin hits you with a +0 dagger.
* * * LOW HITPOINT WARNING * * *
It was a potion of flight.
You feel more buoyant.
The goblin shouts!
A goblin comes into view. It is wielding a +0 dagger.
The goblin hits you with a +0 dagger.
You die...

##.......# #.###.#
..........###.###.####
.########............#
..# ##..#........#
#.### #..##........#
#...#####.######.#####
###.......# #.# #
######..# #g# # #..#
#@# .# #..######g# .#
#.......gg# ..
#.##...:).# #..
#.##.....†####### #.#
#.#..###.)......# ....
#..g.....# #
#..g.....# #........#


You could see Robin and 5 goblins.

Vanquished Creatures
  A dart slug (D:1)
  3 ball pythons
  5 bats
  An endoplasm (D:1)
  2 giant cockroaches
  7 goblins
  2 hobgoblins (D:2)
  3 jackals (D:1)
  6 kobolds
  2 quokkas
  2 frilled lizards (D:2)
  3 rats (D:1)
37 creatures vanquished.

Notes
Turn   | Place    | Note
-------+----------+-------------------------------------------
     0 | D:1      | Malachi the Octopode Brigand began the quest for the Orb.
     0 | D:1      | Reached XP level 1. HP: 14/14 MP: 1/1
   108 | D:1      | Reached XP level 2. HP: 20/20 MP: 2/2
   776 | D:2      | Reached XP level 3. HP: 26/26 MP: 3/3
  1154 | D:2      | Found Qet Nir's Armour Shoppe.
  1354 | D:2      | Noticed Robin
  1355 | D:2      | Found a faded altar of an unknown god.
  1369 | D:2      | Slain by a goblin

Illustrated notes

Levels and vault maps discovered:
D:1:      minmay_arrival_four_circles, layout_loops_ring
D:2:      layout_rooms, hellmonk_ecumenical_altar_run_dry, serial_shops, shop,
          uniq_robin

Skill      XL: |  1  2 |
---------------+-------+-----
Fighting       | 3 |  3.9
Short Blades   | |  2.0
Throwing       | |  2.0
Dodging        | |  1.0
Stealth        | |  5.3

Action                   || total
-------------------------++-------
Melee: Dagger            ||    52
       Constrict         ||    11
       Tentacles         ||    10
  Use: Potion            ||     2
 Stab: Sleeping          ||    16
Armor: Skin              ||     8
Dodge: Dodged            ||    20

Table legend: (Time is in decaauts)
 A = Elapsed time spent in this place.
 B = Non-inter-level travel time spent in this place.
 C = Inter-level travel time spent in this place.
 D = Time resting spent in this place.
 E = Time spent auto-exploring this place.
 F = Levels seen in this place.
 G = Mean time per level.
                   A        B        C        D        E       F      G
               +--------+--------+--------+--------+--------+-----+--------+
         Total |   1363 |   1327 |     36 |    335 |    774 |   2 |  681.5 |
       Dungeon |   1363 |   1327 |     36 |    335 |    774 |   2 |  681.5 |
               +--------+--------+--------+--------+--------+-----+--------+

Top non-repeatable levels by time:
     D:1: 771 daAuts
     D:2: 591 daAuts
